 Dungeon Crawl Stone Soup version 0.29.1-13-g9f3cf754e1 (webtiles) character file.

Game seed: 17943251910334537567

9115 croobank the Thaumaturge (level 11, -2/93 HPs)
             Began as a Purple Draconian Fire Elementalist on Jan 25, 2023.
             Was a Believer of Vehumet.
             Slain by a meliai
             ... wielding a +0 war axe
              (14 damage)
             ... on level 11 of the Dungeon.
             The game lasted 01:23:27 (15261 turns).

croobank the Thaumaturge (DrFE)                    Turns: 15261, Time: 01:23:27

Health: -2/93      AC: 11    Str: 15    XL:     11   Next: 18%
Magic:  14/23      EV: 14    Int: 19    God:    Vehumet [**....]
Gold:   405        SH:  0    Dex: 11    Spells: 22/26 levels left

rFire   . . .      SeeInvis .   K - +2 mace of Etzamul {elec, Will++ Str-3}
rCold   + . .      Faith    .   (no shield)
rNeg    . . .      Spirit   .   (body armour unavailable)
rPois   .          Reflect  .   k - +2 hat
rElec   .          Harm     .   (no cloak)
rCorr   .          Rampage  .   w - +0 pair of gloves
Will    +++..                   h - +0 pair of boots
Stlth   +++.......              J - amulet of regeneration
HPRegen 1.05/turn               E - +6 ring of strength
MPRegen 0.18/turn               x - ring of protection from cold

@: lethally poisoned (-2 -> -7), about to teleport, short of breath
A: breathe power, AC +7, unfitting armour, cold-blooded
a: Breathe Dispelling Energy, Renounce Religion


You were on level 11 of the Dungeon.
You worshipped Vehumet.
Vehumet was pleased with you.
You visited 2 branches of the dungeon, and saw 12 of its levels.

You collected 589 gold pieces.
You spent 184 gold pieces at shops.

Inventory:

Hand Weapons
 a - a +0 hand axe
 l - a +2 dagger of speed
 n - a +0 quarterstaff
 o - a +3 spear
 s - a +2 dagger of draining
 D - a +0 war axe
 K - the +2 mace of Etzamul (weapon) {elec, Will++ Str-3}
   (You bought it in a shop on level 5 of the Dungeon)

   It occasionally discharges a powerful burst of electricity upon striking a
   foe.
   Str:       It affects your strength (-3).
   Will:      It greatly increases your willpower.
Missiles
 g - 5 atropa-tipped darts
 m - 2 throwing nets
 r - 6 boomerangs
 A - 27 poisoned darts
Armour
 h - a +0 pair of boots (worn)
 k - a +2 hat (worn)
 w - a +0 pair of gloves (worn)
Jewellery
 x - a ring of protection from cold (right hand)
 E - a +6 ring of strength (left hand)
 J - an amulet of regeneration (around neck)
Wands
 F - a wand of flame (10)
Scrolls
 b - 5 scrolls of vulnerability
 c - 3 scrolls of amnesia
 e - 2 scrolls of fear
 q - 3 scrolls of poison
 v - 2 scrolls of teleportation
 y - a scroll of immolation
 I - 2 scrolls of enchant armour {unknown}
 M - a scroll of blinking
Potions
 d - 3 potions of flight
 f - 2 potions of brilliance
 i - a potion of heal wounds
 j - a potion of might
 p - 4 potions of curing
 t - a potion of berserk rage {unknown}
 u - a potion of degeneration {unknown}
 z - 4 potions of attraction {unknown}
 B - a potion of magic
 C - 2 potions of haste {unknown}
 H - a potion of resistance {unknown}


   Skills:
 + Level 7.7 Fighting
 + Level 6.8 Dodging
 + Level 7.4 Stealth
 + Level 8.3 Spellcasting
 + Level 7.2 Conjurations
 + Level 7.7 Fire Magic


You had 22 spell levels left.
You knew the following spells:

 Your Spells              Type           Power      Damage    Failure   Level
a - Foxfire               Conj/Fire      100%       2x1d9     1%          1
b - Apportation           Tloc           14%        N/A       9%          1
c - Scorch                Fire           74%        2d9       1%          2

Your spell library contained the following spells:

 Spells                   Type           Power      Damage    Failure   Level
 Shock                    Conj/Air       84%        1d8       1%          1
 Conjure Flame            Conj/Fire      36%        6-21      1%          3
 Flame Wave               Conj/Fire      36%        2d10      4%          4
 Inner Flame              Hex/Fire       22%        N/A       5%          3
 Beastly Appendage        Tmut           14%        N/A       9%          1
 Necrotise                Necr           28%        1d5       9%          1
 Summon Small Mammal      Summ           28%        N/A       9%          1
 Spider Form              Tmut/Pois      7%         N/A       26%         3
 Swiftness                Air            7%         N/A       26%         3
 Corpse Rot               Necr/Pois/Air  7%         N/A       65%         4
 Alistair's Intoxication  Tmut/Pois      4%         N/A       94%         5
 Blade Hands              Tmut           3%         N/A       94%         5
 Yara's Violent Unravell  Hex/Tmut       3%         3d4       94%         5
 Iron Shot                Conj/Erth      10%        9d3       97%         6
 Dragon Form              Tmut           3%         N/A       100%        7
 Animate Armour           Summ/Erth      Unusable   N/A       N/A         4

Dungeon Overview and Level Annotations

Branches:
Dungeon (11/15)            Temple (1/1) D:5            Lair (0/5) D:10
    Orc: D:9-12

Altars:
Ashenzari
Cheibriados
Dithmenos
Elyvilon
Fedhas
Gozag
Hepliaklqana
Kikubaaqudgha
Makhleb
Nemelex Xobeh
Okawaru
Qazlal
Ru
Sif Muna
Trog
Uskayaw
Vehumet
Wu Jian
Xom
Yredelemnul
Zin
The Shining One

Shops:
D:5 (   D:9 :

Annotations:
D:11 3 runed translucent doors, Jingleheimer's ghost, journeyman TeBe


Innate Abilities, Weirdness & Mutations

You can breathe bolts of dispelling energy.
Your rich purple scales are hard. (AC +7)
You cannot fit into any form of body armour.
You are cold-blooded and may be slowed by cold attacks.


Message History

The meliai barely misses you. The meliai stings you.
Casting: Scorch (safe; 1% risk of failure)
Confirm with . or Enter, or press ? or * to list all spells.
Flames lash the meliai.
The meliai is burned terribly!
You kill the meliai!
Vehumet accepts your kill.
You feel very sick.
The meliai calls down the wrath of its god upon you.
Something smites you!
The boulder beetle curls into a ball and begins rolling!
The meliai misses you. The meliai barely misses you.
The meliai closely misses you. The meliai barely misses you.
Casting: Scorch (safe; 1% risk of failure)
Confirm with . or Enter, or press ? or * to list all spells.
Flames lash the meliai.
The meliai is heavily wounded.
The meliai's fire resistance burns away.
You feel very sick.
You hear a bellow!
The meliai hits you with a +0 war axe! The meliai closely misses you.
The meliai calls upon its god to heal the meliai.
The meliai is healed somewhat.
A centaur comes into view.
The meliai hits you with a +0 war axe. The meliai barely misses you.
The meliai hits you with a +0 war axe.
The meliai stings you but does no damage.
As you read the scroll of teleportation, it crumbles to dust.
You feel strangely unstable.
You feel very sick. The meliai hits you with a +0 war axe.
The meliai stings you but does no damage.
The meliai hits you with a +0 war axe!
* * * LOW HITPOINT WARNING * * *
The meliai closely misses you.
The centaur wields a +0 shortbow.
The centaur shoots an arrow.
The arrow hits you.
* * * LOW HITPOINT WARNING * * *
The meliai hits you with a +0 war axe!
* * * LOW HITPOINT WARNING * * *
The meliai barely misses you. The meliai hits you with a +0 war axe!
You die...

###.##...# .........#
.........## #
..........########..
..............#...
).......#......c#####
#..........##.#.....#
.#####...#....##.B..###
##.⌠K##.[####...@y○○..#
#.#.#K#..# ##..y...°...
...#KK+..# #......#...
[.KKKW+..# ##.###.....
$..#KK+..# #.. .##..
#.#K#K#..# ##.. . .
##.⌠K##..## ... #
.#####....# ...
....<.....##


You could see a boulder beetle (rolling), 2 meliai and a centaur.

Vanquished Creatures
  A hydra (D:9)
  2 two-headed ogres
  An unseen horror (D:10)
  A meliai (D:11)
  2 trolls
  A wraith (D:11)
  15 yaks
  2 wyverns
  2 acid dragons
  A water moccasin (D:9)
  3 black bears
  A centaur (D:8)
  4 wolves (D:10)
  A phantom (D:5)
  A kobold brigand (D:9)
  5 bullfrogs
  A gnoll sergeant (D:5)
  4 necrophages
  4 scorpions
  4 electric eels (D:10)
  2 howler monkeys
  4 hounds
  5 orc priests
  An iguana (D:6)
  9 orc wizards
  11 gnolls
  7 adders
  2 shadow imps
  2 white imps
  A worm (D:2)
  3 dart slugs
  37 orcs
  2 ball pythons
  2 bats
  9 endoplasms
  A giant cockroach (D:3)
  7 goblins
  8 hobgoblins
  6 jackals
  5 kobolds
  2 quokkas
  3 frilled lizards
  5 rats
190 creatures vanquished.

Vanquished Creatures (collateral kills)
  5 yaks (D:9)
  A scorpion (D:5)
6 creatures vanquished.

Vanquished Creatures (others)
  An orc wizard (D:8)
  544 foxfires
545 creatures vanquished.

Grand Total: 741 creatures vanquished

Notes
Turn   | Place    | Note
-------+----------+-------------------------------------------
     0 | D:1      | croobank the Draconian Fire Elementalist began the quest
                  | for the Orb.
     0 | D:1      | Reached XP level 1. HP: 14/14 MP: 3/3
   462 | D:1      | Reached XP level 2. HP: 20/20 MP: 1/5
   514 | D:1      | Noticed a golden eye
   517 | D:1      | Found a faded altar of an unknown god.
   519 | D:1      | Noticed a great orb of eyes
   519 | D:1      | Noticed an eye of devastation
   519 | D:1      | Noticed a golden eye
   597 | D:1      | Learned a level 1 spell: Apportation
   989 | D:2      | Found an iron altar of Okawaru.
  1270 | D:2      | Reached XP level 3. HP: 27/27 MP: 1/6
  2150 | D:3      | Learned a level 2 spell: Scorch
  2162 | D:3      | Reached skill level 1 in Fighting
  2162 | D:3      | Reached XP level 4. HP: 24/35 MP: 0/7
  2297 | D:3      | Found a bloodstained altar of Trog.
  2664 | D:3      | Noticed a scorpion
  2685 | D:3      | Killed a scorpion
  2686 | D:3      | Reached XP level 5. HP: 22/41 MP: 0/9
  3595 | D:4      | Reached skill level 3 in Spellcasting
  3603 | D:4      | Reached XP level 6. HP: 44/48 MP: 0/10
  4033 | D:4      | Found an ornate altar of the Wu Jian Council.
  5092 | D:5      | Entered Level 5 of the Dungeon
  5093 | D:5      | Found Dyagian's Antique Weapon Shoppe.
  5250 | D:5      | Your scales start taking on a rich purple colour.
  5250 | D:5      | Reached skill level 4 in Spellcasting
  5250 | D:5      | Reached XP level 7. HP: 56/56 MP: 11/13
  5417 | D:5      | Found a large runed translucent door.
  5417 | D:5      | Found a large runed translucent door.
  6353 | D:5      | Found a staircase to the Ecumenical Temple.
  6362 | Temple   | Entered the Ecumenical Temple
  6362 | Temple   | Found a transporter.
  6362 | Temple   | Found a transporter.
  6364 | Temple   | Found a transporter.
  6364 | Temple   | Found a transporter.
  6505 | Temple   | Became a worshipper of Vehumet
  6986 | D:5      | Found a broken altar of Ashenzari.
  7017 | D:5      | Found a snail-covered altar of Cheibriados.
  7265 | D:6      | Found a sparkling altar of Nemelex Xobeh.
  7351 | D:6      | Reached XP level 8. HP: 66/66 MP: 7/15
  7366 | D:6      | Reached skill level 5 in Spellcasting
  7381 | D:6      | Identified a scroll of acquirement
  7381 | D:6      | Acquired the Meditations on the Lungs and Transformation
  7396 | D:6      | Reached skill level 5 in Fire Magic
  8489 | D:7      | Found an opulent altar of Gozag.
  8857 | D:7      | Reached * piety under Vehumet
  8857 | D:7      | Offered knowledge of Magic Dart by Vehumet.
  9303 | D:8      | Noticed a two-headed ogre
  9315 | D:8      | Killed a two-headed ogre
  9316 | D:8      | Reached skill level 5 in Fighting
  9316 | D:8      | Reached skill level 5 in Stealth
  9316 | D:8      | Reached skill level 6 in Spellcasting
  9316 | D:8      | Reached skill level 5 in Conjurations
  9316 | D:8      | Reached XP level 9. HP: 14/74 MP: 2/18
  9947 | D:8      | Reached skill level 5 in Dodging
 10661 | D:5      | Bought a brightly glowing mace for 184 gold pieces
 10661 | D:5      | Identified the +2 mace of Etzamul {elec, Will++ Str-3} (You
                  | bought it in a shop on level 5 of the Dungeon)
 10886 | D:9      | Noticed a troll
 10891 | D:9      | Killed a troll
 11596 | D:9      | Noticed an eight-headed hydra
 11602 | D:9      | Killed an eight-headed hydra
 11603 | D:9      | Reached skill level 7 in Spellcasting
 11603 | D:9      | Reached XP level 10. HP: 84/84 MP: 13/20
 12135 | D:9      | Found Wilupsuc's Tremendous Tomes.
 12727 | D:9      | Noticed a two-headed ogre
 12733 | D:9      | Killed a two-headed ogre
 13473 | D:10     | Entered Level 10 of the Dungeon
 13646 | D:10     | Reached skill level 8 in Spellcasting
 13971 | D:10     | Reached ** piety under Vehumet
 13971 | D:10     | Offered knowledge of Shock by Vehumet.
 14353 | D:10     | Reached XP level 11. HP: 66/92 MP: 11/23
 14391 | D:10     | Found a white marble altar of Elyvilon.
 14577 | D:10     | Found a staircase to the Lair.
 15153 | D:11     | Found a runed translucent gate.
 15154 | D:11     | Found a runed translucent gate.
 15157 | D:11     | Noticed Jingleheimer's ghost (journeyman TeBe)
 15162 | D:11     | Found a runed translucent gate.
 15255 | D:11     | Noticed a boulder beetle
 15261 | D:11     | Slain by a meliai

Illustrated notes

Levels and vault maps discovered:
D:1:      tarquinn_simple_flora_water_d, layout_basic,
          hellmonk_ecumenical_altar_watching_god
D:2:      layout_rooms, basic_altar
D:3:      layout_loops_ring, mainiacjoe_overflow_small_starburst,
          nicolae_hexahallways
D:4:      layout_basic, kennysheep_little_box
D:5:      layout_loops_ring, jmf_multi_god_temple2,
          minmay_temple_entry_junction, serial_shops,
          nicolae_shop_hallway_stairs
D:6:      layout_basic, nemelex_altar_shiori
D:7:      layout_rooms, grunt_gozag_statues, lightli_orcish_oven
D:8:      layout_basic, chequers_serial_rivers_micro_d
D:9:      layout_stronghold, st_stairs_13, nicolae_shop_i_like_big_books
D:10:     layout_loops_corners, lemuel_coloured_pillars_altar, erik_lair_island
D:11:     layout_rooms, erik_orc_1, gammafunk_ghost_nasty_kobolds
Temple:   hellmonk_temple_divided_pantheon

Skill      XL: |  1  2  3  4  5  6  7  8  9 10 |
---------------+-------------------------------+-----
Stealth        | 2 3 4 5 6 7 |  7.4
Dodging        | 2 3 4 5 6 |  6.8
Fighting       | 1 2 3 5 6 7 |  7.7
Conjurations   | 2 3 5 6 7 |  7.2
Spellcasting   | 3 4 6 7 8 |  8.3
Fire Magic     | 4 5 6 7 |  7.7

Action                   |  1- 3 |  4- 6 |  7- 9 | 10-12 || total
-------------------------+-------+-------+-------+-------++-------
Melee: Unarmed           |    21 |       |       |       ||    21
       Tailslap          |     4 |     5 |    18 |    18 ||    45
       Dagger            |     1 |    36 |   126 |    92 ||   255
       Punch             |       |       |     1 |     1 ||     2
       Mace              |       |       |       |     9 ||     9
Throw: Throwing net      |       |       |     2 |       ||     2
 Cast: Foxfire           |    72 |    79 |   115 |    65 ||   331
       Scorch            |     1 |    17 |    56 |    68 ||   142
       Apportation       |     1 |       |       |       ||     1
 Abil: Breathe Dispellin |       |       |    12 |    13 ||    25
Evoke: Wand              |       |       |       |     5 ||     5
  Use: Scroll            |     1 |     8 |     7 |     3 ||    19
       Potion            |     1 |     2 |     2 |     3 ||     8
 Stab: Sleeping          |       |       |     3 |       ||     3
Armor: Skin              |     6 |    11 |    57 |    57 ||   131
Dodge: Dodged            |    14 |    21 |   100 |   119 ||   254
